 Dungeon Crawl Stone Soup version 0.29-a0-993-g4a18f31a58 (webtiles) character file.

Game seed: 4004632918024627531

39 Pooter the Chopper (level 3, 0/49 HPs)
             Began as a Minotaur Berserker on Aug 2, 2022.
             Was a Believer of Trog.
             Slain by Natasha (6 damage)
             ... on level 2 of the Dungeon.
             The game lasted 00:04:46 (1292 turns).

Pooter the Chopper (Minotaur Berserker)             Turns: 1292, Time: 00:04:47

Health: 0/49       AC:  2    Str: 23    XL:     3   Next: 28%
Magic:  2/2        EV: 12    Int:  4    God:    Trog [**....]
Gold:   71         SH:  0    Dex:  9    Spells: 2/2 levels left

rFire   . . .      SeeInvis .   a - +0 hand axe
rCold   . . .      Faith    .   (no shield)
rNeg    + . .      Spirit   .   i - +0 animal skin
rPois   +          Reflect  .   (helmet restricted)
rElec   .          Harm     .   (no cloak)
rCorr   .          Rampage  .   (no gloves)
Will    .....                   (no boots)
Stlth   ..........              (no amulet)
HPRegen 0.16/turn               P - ring of poison resistance
MPRegen 0.08/turn               N - ring of positive energy

@: berserking, slowed
A: horns 2, retaliatory headbutt
a: Renounce Religion, Berserk, Trog's Hand


You were on level 2 of the Dungeon.
You worshipped Trog.
Trog was pleased with you.
You visited 1 branch of the dungeon, and saw 2 of its levels.

You collected 71 gold pieces.

Inventory:

Hand Weapons
 a - a +0 hand axe (weapon)
 b - a +0 shortbow
   (You found it on level 1 of the Dungeon)
 c - a +0 vorpal falchion
   (You found it on level 1 of the Dungeon)
Missiles
 Q - 5 stones (quivered)
Armour
 i - a +0 animal skin (worn)
Jewellery
 N - a ring of positive energy (right hand)
   (You found it on level 1 of the Dungeon)
 P - a ring of poison resistance (left hand)
   (You found it on level 1 of the Dungeon)
Scrolls
 f - a scroll of magic mapping
 g - a scroll of vulnerability {unknown}
 j - a scroll of summoning {unknown}
Potions
 d - a potion of brilliance {unknown}
 e - a potion of flight {unknown}
 h - a potion of curing {unknown}


   Skills:
 + Level 4.2 Fighting
 - Level 0.8 Long Blades
 * Level 4.7 Axes
 * Level 0.4 Ranged Weapons
 - Level 2.4 Armour
 - Level 2.1 Dodging


You had 2 spell levels left.
You didn't know any spells.
Your spell library was empty.

Dungeon Overview and Level Annotations

Branches:
Dungeon (2/15)

Altars:

Annotations:
D:2 Natasha


Innate Abilities, Weirdness & Mutations

You have a pair of horns on your head.
You reflexively headbutt those who attack you in melee.


Message History

Found a stone staircase leading down.
Found a stone staircase leading up.
A frilled lizard comes into view.
The frilled lizard hisses angrily.
You shoot an arrow. The arrow hits the frilled lizard.
You shoot an arrow.
The arrow closely misses the frilled lizard.
You shoot an arrow.
The arrow completely misses the frilled lizard.
You shoot an arrow.
The arrow closely misses the frilled lizard.
The frilled lizard bites you but does no damage.
You shoot an arrow.
The arrow closely misses the frilled lizard.
The frilled lizard bites you.
a - a +0 hand axe (weapon)
The frilled lizard closely misses you. You furiously retaliate!
You headbutt the frilled lizard.
You kill the frilled lizard!
Trog accepts your kill.
No target in view!
Natasha, Servant of Life and Death comes into view.
b - a +0 shortbow (weapon)
Natasha stares at you and mumbles some strange words.
You feel yourself slow down.
You shoot an arrow. The arrow hits Natasha.
Natasha casts a spell at you. You resist with significant effort.
You shoot an arrow. The arrow barely misses Natasha.
You shoot an arrow. The arrow closely misses Natasha.
Natasha stares at you and mumbles some strange words.
The magic dart hits you!
You shoot an arrow. The arrow closely misses Natasha.
Natasha claws you!
* * * LOW HITPOINT WARNING * * *
Natasha closely misses you.
a - a +0 hand axe (weapon)
You are too injured to fight recklessly!
You are too injured to fight recklessly!
You are too injured to fight recklessly!
You slash Natasha! Natasha claws you but does no damage.
Natasha hisses.
Natasha claws you.
* * * LOW HITPOINT WARNING * * *
A red film seems to cover your vision as you go berserk!
You feel yourself moving faster!
You feel mighty!
Natasha stares at you and mumbles some strange words.
The magic dart hits you!
* * * LOW HITPOINT WARNING * * *
You miss Natasha. Natasha claws you.
You die...

*,**,**,* *,,,,....,#....>.#,
*,**,**,**** *,,,,,...,#.)....#,
*,,,,,,,,,,* ******#.#<#......#,
*********#,* #.###†.....#.
********#.#**** #.)<.........
*,,,,,,,....,,* #..##......##
*,,,,,,,.....,* #..###.......
*,,,,,,,......######..###.######
*,,,,,,,......h@.......†..###
*,,,,,,,..##########.#).....#
*,,,,,,,,,* #.#......#
**,,,,,,,,,* #.#......#
,,,,,,,,,,,* ##.#......#
,,,,,,,,,,,* #####.........#
,,,,,,,,,,,* #...........###
,,,,******** #...........# ,,,,*
#...........#


You could see Natasha.

Vanquished Creatures
  5 bats (D:1)
  6 endoplasms
  2 giant cockroaches (D:1)
  3 goblins
  A hobgoblin (D:1)
  8 jackals (D:1)
  2 quokkas (D:1)
  3 frilled lizards
  2 kobolds (D:2)
  A rat (D:2)
33 creatures vanquished.

Notes
Turn   | Place    | Note
-------+----------+-------------------------------------------
     0 | D:1      | Pooter the Minotaur Berserker began the quest for the Orb.
     0 | D:1      | Reached XP level 1. HP: 19/19 MP: 0/0
   200 | D:1      | Found a faded altar of an unknown god.
   251 | D:1      | Reached XP level 2. HP: 14/27 MP: 1/1
   888 | D:1      | Reached ** piety under Trog
   944 | D:1      | Reached XP level 3. HP: 33/33 MP: 2/2
  1283 | D:2      | Noticed Natasha
  1292 | D:2      | Slain by Natasha

Illustrated notes

Levels and vault maps discovered:
D:1:      wander_arrival_peaceful_grave, layout_loops_cross,
          basic_ecumenical_altar, minivault_5
D:2:      layout_basic, kennysheep_crisscross, uniq_robin, uniq_natasha

Skill      XL: |  1  2 |
---------------+-------+-----
Axes           | 4 |  4.7
Fighting       | 4 |  4.2
Long Blades    | |  0.8
Ranged Weapons | |  0.4
Armour         | |  2.4
Dodging        | |  2.1

Action                   || total
-------------------------++-------
Melee: Falchion          ||     8
       Hand axe          ||    42
       Headbutt          ||     3
 Fire: Shortbow          ||    22
Invok: Berserk           ||     2
  Use: Scroll            ||     1
 Stab: Sleeping          ||     1
Armor: Animal skin       ||    20
Dodge: Dodged            ||    59

Table legend: (Time is in decaauts)
 A = Elapsed time spent in this place.
 B = Non-inter-level travel time spent in this place.
 C = Inter-level travel time spent in this place.
 D = Time resting spent in this place.
 E = Time spent auto-exploring this place.
 F = Levels seen in this place.
 G = Mean time per level.
                   A        B        C        D        E       F      G
               +--------+--------+--------+--------+--------+-----+--------+
         Total |   1316 |   1247 |     69 |    208 |    838 |   2 |  658.0 |
       Dungeon |   1316 |   1247 |     69 |    208 |    838 |   2 |  658.0 |
               +--------+--------+--------+--------+--------+-----+--------+

Top non-repeatable levels by time:
     D:1: 1185 daAuts
     D:2: 131 daAuts
